 Dungeon Crawl Stone Soup version 0.25-a0-578-gc91f01c39c (console) character file.

Game seed: 7603850303145050371, levelgen mode: deterministic

550 utis the Caller (level 7, 0/40 HPs)
             Began as a Tengu Summoner on Mar 3, 2020.
             Succumbed to Duvessa's poison
             ... on level 4 of the Dungeon.
             The game lasted 00:13:57 (6793 turns).

utis the Caller (Tengu Summoner)                    Turns: 6793, Time: 00:13:57

Health: 0/40       AC:  6    Str: 10    XL:     7   Next: 29%
Magic:  6/11       EV: 15    Int: 15    God:
Gold:   172        SH:  0    Dex: 15    Spells: 4/10 levels left

rFire    . . .     SeeInvis .   a - +0 dagger (elec)
rCold    . . .     Gourm    .   (no shield)
rNeg     . . .     Faith    .   w - +0 ring mail
rPois    .         Spirit   .   (helmet restricted)
rElec    .         Reflect  .   (no cloak)
rCorr    .         Harm     .   C - +0 pair of gloves
MR       .....                  (boots unavailable)
Stlth    +.........             B - amulet of rage
HPRegen  0.13/turn              (no ring)
MPRegen  0.12/turn              (no ring)

@: lethally poisoned (0 -> -23), flying quickly and evasively, quick
A: beak, talons 3, able to fly
a: Stop Flying, Evoke Berserk Rage


You were on level 4 of the Dungeon.
You were not hungry.

You visited 1 branch of the dungeon, and saw 4 of its levels.

You collected 172 gold pieces.

Inventory:

Hand Weapons
 a - a +0 dagger of electrocution (weapon)
 b - a +0 hunting sling
 e - a +0 dagger
 k - a +0 short sword
 x - a +0 flail
 E - a +0 hand axe
 H - a +1 dagger of venom
Missiles
 f - 11 poisoned darts (quivered)
 v - 149 stones
Armour
 d - a +0 robe
 w - a +0 ring mail (worn)
 y - a +0 scale mail
 A - a +0 pair of gloves
 C - a +0 pair of gloves (worn)
Jewellery
 B - an amulet of rage (around neck)
Wands
 F - a wand of random effects (10)
Scrolls
 g - a scroll of random uselessness {unknown}
 h - a scroll of blinking {unknown}
 i - 5 scrolls of teleportation {@r4}
 j - a scroll of magic mapping
 l - a scroll of identify {@r1}
 o - a scroll of enchant weapon {unknown}
 q - 2 scrolls of fear {unknown}
 r - a scroll of enchant armour {unknown}
 t - a scroll of fog {unknown}
Potions
 m - 2 potions of stabbing
 n - a potion of ambrosia
 p - a potion of flight
 s - 2 potions of might
 u - a potion of invisibility {unknown}
 z - a potion of cancellation
 D - a potion of curing {unknown}
 G - a potion of brilliance {unknown}
Comestibles
 c - 7 rations {@e1}


   Skills:
 + Level 2.7 Fighting
 + Level 5.6 Dodging
 - Level 2.0 Stealth
 - Level 2.0 Spellcasting
 + Level 7.6 Summonings


You had 4 spell levels left.
You knew the following spells:

 Your Spells              Type           Power        Failure   Level  Hunger
f - Call Canine Familiar  Summ           ###.....     8%          3    ###....
p - Call Imp              Summ           ###.....     3%          2    ###....
z - Summon Small Mammal   Summ           ###.         2%          1    #......

Your spell library contained the following spells:

 Spells                   Type           Power        Failure   Level  Hunger
 Summon Guardian Golem    Hex/Summ       ##......     36%         3    ###....
 Summon Ice Beast         Ice/Summ       ##......     77%         4    #####..
 Summon Lightning Spire   Summ/Air       ##......     77%         4    #####..


Dungeon Overview and Level Annotations

Branches:
Dungeon (4/15)
 Temple: D:4-7

Altars:
Hepliaklqana
Makhleb
Ru

Annotations:
D:4 Dowan, Duvessa


Innate Abilities, Weirdness & Mutations

You have a beak for a mouth.
You have claws for feet.
You can fly continuously.


Message History

Your hound is poisoned.
Your hound barely misses Duvessa.
* * * LOW HITPOINT WARNING * * *
You feel sick. Duvessa barely misses your hound.
Your hound bites Duvessa but does no damage.
Duvessa hits your hound with a +0 short sword of venom!
Your hound looks as sick as possible!
Your hound bites Duvessa but does no damage.
* * * LOW HITPOINT WARNING * * *
You feel sick.
Your hound bites Duvessa but does no damage.
Duvessa closely misses your hound.
* * * LOW HITPOINT WARNING * * *
You feel sick.
Your hound dies!
Your hound's corpse disappears in a puff of smoke!
Unknown command.
It was a potion of cancellation.
You feel magically purged.
Your magical contamination has completely faded away.
You die...

*,* ░..................... *,*
░...........e.......░░ *,*
░[░░░.░░░░░░.░.░.░..░* *,*
░░░░░'░░░e░ ░.░.░.░..░░ ░+░░░
░.......░e░░░░ ░.......... ....░░
░.......'....░ ░░░.░.░..░░
.....░░░.......░.░░.░░░░░.░..e...
..........................░.░....
..............░.Q...░░░░░.░.░..░░
░.░░...░..░░░.░.....░****,░.░..░*
░.░░░..░..░░░...........,,......*
░.░ ░..░............░░░░*,░.░.░.░
░.░ ░..░..░░░.░...░.░*░░░,░.░.░.░
░.░ ░░...............,...,....,e.
░.░ ░........░..░..░░░.░░░.░.░.░
░.░░░░...░.░..░..░..░.░.░ ░.░.░.░
............>.░..░..░.░.░░░.░.░<*


You could see Duvessa and Dowan.

Vanquished Creatures
  A crimson imp (D:4)
  2 hounds (D:4)
  An orc priest (D:4)
  An adder (D:4)
  An adder skeleton (D:4)
  2 worms (D:3)
  A leopard gecko (D:2)
  11 orcs
  3 ball pythons
  7 bats
  6 giant cockroaches
  13 goblins
  9 hobgoblins
  4 frilled lizards (D:3)
  8 kobolds
  11 rats
81 creatures vanquished.

Vanquished Creatures (collateral kills)
  Grinder (D:4)
  Sigmund (D:2)
  A centaur skeleton (D:4)
  An orc priest (D:4)
  Jessica (D:2)
  Terence (D:3)
  Robin (D:3)
  6 adders
  An orc (D:4)
  4 goblins
  A hobgoblin (D:1)
  A ball python (D:4)
  A bat (D:1)
  A kobold (D:1)
22 creatures vanquished.

Grand Total: 103 creatures vanquished

Notes
Turn   | Place    | Note
-------+----------+-------------------------------------------
     0 | D:1      | utis the Tengu Summoner began the quest for the Orb.
     0 | D:1      | Reached XP level 1. HP: 10/10 MP: 4/4
   259 | D:1      | Reached skill level 5 in Summonings
   344 | D:1      | Reached XP level 2. HP: 8/15 MP: 6/6
  1744 | D:1      | Reached XP level 3. HP: 19/19 MP: 7/7
  1838 | D:2      | Learned a level 2 spell: Call Imp
  1842 | D:2      | Learned a level 3 spell: Call Canine Familiar
  2123 | D:2      | Noticed Jessica
  2129 | D:2      | Killed Jessica
  2540 | D:2      | Reached XP level 4. HP: 24/24 MP: 8/8
  2687 | D:2      | Noticed Sigmund
  3049 | D:2      | Killed Sigmund
  3049 | D:2      | Reached skill level 6 in Summonings
  3049 | D:2      | Gained mutation: You can fly continuously. [Tengu growth]
  3049 | D:2      | Reached XP level 5. HP: 28/28 MP: 3/9
  3592 | D:3      | Noticed Terence
  3621 | D:3      | Killed Terence
  3985 | D:3      | Found a hazy altar of Hepliaklqana.
  4578 | D:3      | Reached skill level 1 in Fighting
  4763 | D:3      | Reached XP level 6. HP: 34/34 MP: 10/10
  4826 | D:3      | Found a sacrificial altar of Ru.
  5031 | D:4      | Noticed Robin
  5169 | D:4      | Noticed Grinder
  5207 | D:4      | Killed Grinder
  5207 | D:4      | Reached skill level 5 in Dodging
  5207 | D:4      | Reached skill level 7 in Summonings
  6082 | D:4      | Reached XP level 7. HP: 40/40 MP: 5/11
  6200 | D:4      | Found a burning altar of Makhleb.
  6433 | D:3      | Killed Robin
  6751 | D:4      | Noticed Duvessa
  6751 | D:4      | Noticed Dowan
  6786 | D:4      | oops
  6792 | D:4      | HP: 2/40 [poisoned by Duvessa]
  6793 | D:4      | Succumbed to Duvessa's poison

Levels and vault maps discovered:
D:1:      lightli_arrival_chessboard, layout_rooms,
          minmay_misc_feat_secret_circle, minmay_pentomino_p2
D:2:      minmay_chambers_of_ones, layout_loops_corners, uniq_jessica,
          uniq_sigmund
D:3:      layout_loops_cross, nicolae_overflow_hidden_temple,
          nicolae_ru_great_annihilating_truth, uniq_terence
D:4:      layout_basic, makhleb_grotto_becter, uniq_duvessa, uniq_grinder,
          uniq_robin

Skill      XL: |  1  2  3  4  5  6 |
---------------+-------------------+-----
Summonings     | 5 6 7 |  7.6
Dodging        | 3 4 5 |  5.6
Fighting       | 1 2 |  2.7
Stealth        | |  2.0
Spellcasting   | |  2.0

Action                   |  1- 3 |  4- 6 |  7- 9 || total
-------------------------+-------+-------+-------++-------
Melee: Hand axe          |    46 |   122 |       ||   168
       Kick              |     9 |    45 |    14 ||    68
       Peck              |     6 |    17 |     8 ||    31
       Unarmed           |     2 |       |       ||     2
       Flail             |       |    21 |    22 ||    43
       Dagger            |       |       |    20 ||    20
 Fire: Hunting sling     |     5 |    12 |       ||    17
Throw: Dart              |    31 |     5 |     2 ||    38
       Stone             |     1 |       |       ||     1
 Cast: Summon Small Mamm |    12 |       |       ||    12
       Call Imp          |     3 |    21 |     3 ||    27
       Call Canine Famil |     1 |     3 |     2 ||     6
 Abil: Fly               |       |     1 |       ||     1
  Use: Potion            |     1 |       |     1 ||     2
       Scroll            |       |     6 |       ||     6
 Stab: Distracted        |       |     1 |       ||     1
       Sleeping          |       |     1 |       ||     1
       Paralysed         |       |     2 |       ||     2
  Eat: Chunk             |     5 |    10 |     2 ||    17
       Ration            |       |     1 |       ||     1
Armor: Robe              |    11 |     1 |       ||    12
       Ring mail         |       |    36 |    14 ||    50
Dodge: Dodged            |    44 |   100 |    46 ||   190

Table legend:
 A = Non-vault XP
 B = Vault XP
 C = Vault XP percentage of total XP
 D = Non-vault monster count
 E = Vault monster count
 F = Vault count percentage of total count
                 A         B        C        D         E       F
            +---------+---------+-------+---------+---------+-------
      Total |     333 |     454 |  57.7 |      76 |      27 |  26.2
            +---------+---------+-------+---------+---------+-------
        D:1 |      34 |       2 |   5.6 |      25 |       1 |   3.8
        D:2 |      35 |     150 |  81.1 |      12 |       7 |  36.8
        D:3 |      69 |      49 |  41.5 |      28 |       8 |  22.2
        D:4 |     195 |     253 |  56.5 |      11 |      11 |  50.0
            +---------+---------+-------+---------+---------+-------
